 Dungeon Crawl Stone Soup version 0.30-a0-924-g0ad0bf95bc (webtiles) character file.

Game seed: 8078432822448529505

17 Iniera the Conjurer (level 2, -2/17 HPs)
             Began as an Octopode Conjurer on Mar 23, 2023.
             Slain by a hobgoblin (5 damage)
             ... on level 1 of the Dungeon.
             The game lasted 00:01:27 (541 turns).

Iniera the Conjurer (Octopode Conjurer)              Turns: 541, Time: 00:01:27

Health: -2/17      AC:  1    Str:  6    XL:     2   Next: 62%
Magic:  1/5        EV: 13    Int: 20    God:
Gold:   22         SH:  0    Dex: 10    Spells: 2/5 levels left

rFire   . . .      SeeInvis .    (no weapon)
rCold   . . .      Faith    .    (no shield)
rNeg    . . .      Spirit   .    (helmet restricted)
rPois   .          Reflect  .    (no amulet)
rElec   .          Rampage  .    c - ring of resist corrosion
rCorr   +                        (no ring)
Will    .....                    (no ring)
Stlth   +++                      (no ring)
HPRegen 0.22/turn                (no ring)
MPRegen 0.09/turn                (no ring)
                                 (no ring)
                                 (no ring)

@: very slightly contaminated
A: almost no armour, amphibious, 8 rings, camouflage 1, gelatinous body 1,
(nimble swimmer 1), tentacles
a: no special abilities


You were on level 1 of the Dungeon.
You visited 1 branch of the dungeon, and saw 1 of its levels.

You collected 22 gold pieces.

Inventory:

Jewellery
 c - a ring of resist corrosion (left tentacle)
 f - a +6 ring of strength
Scrolls
 g - a scroll of butterflies {unknown}
Potions
 a - a potion of magic
 b - 2 potions of curing {unknown}
 d - a potion of brilliance {unknown}
 e - a potion of berserk rage {unknown}


   Skills:
 - Level 2.0 Dodging
 - Level 2.6 Stealth
 + Level 2.1 Spellcasting
 * Level 4.6 Conjurations


You had 2 spell levels left.
You knew the following spells:

 Your Spells              Type           Power      Damage    Failure   Level
a - Magic Dart            Conj           80%        1d7       2%          1
b - Searing Ray           Conj           40%        2d5       3%          2

Your spell library contained the following spells:

 Spells                   Type           Power      Damage    Failure   Level
 Dazzling Flash           Conj/Hex       22%        N/A       19%         3
 Fulminant Prism          Conj/Hex       5%         3d7       52%         4
 Iskenderun's Mystic Bla  Conj/Tloc      11%        2d4       52%         4


Dungeon Overview and Level Annotations

Branches:
Dungeon (1/15)

Altars:

Shops:
D:1 *


Innate Abilities, Weirdness & Mutations

You cannot wear most types of armour.
You are amphibious.
You can wear up to eight rings at the same time.
Your skin changes colour to match your surroundings (Stealth+).
Your rubbery body absorbs attacks. (AC +1, EV +1)
((You are camouflaged when in or above water. (Stealth+)))
You have tentacles for arms and can constrict up to eight enemies at once.


Message History

The magic dart hits the rat.
The rat is heavily wounded.
You miscast Magic Dart.
You are very lightly contaminated with residual magic.
Nothing appears to happen.
The rat completely misses you.
You tentacle-slap the rat but do no damage.
Your grab misses the rat.
The rat is heavily wounded.
The rat bites you but does no damage.
A rat is nearby!
The magic dart hits the rat.
You kill the rat!
No target in view!
No target in view!
Your magical contamination has completely faded away.
g - a scroll labelled ZETURIAKKA A hobgoblin and an endoplasm come into view.
The endoplasm quivers.
You see here 16 gold pieces.
The magic dart hits the hobgoblin.
The hobgoblin is heavily wounded.
You miscast Magic Dart.
You are very lightly contaminated with residual magic.
Nothing appears to happen.
The hobgoblin misses you. The endoplasm barely misses you.
The magic dart hits the hobgoblin.
The hobgoblin is severely wounded.
The endoplasm hits you.
The hobgoblin hits you but does no damage.
The magic dart hits the hobgoblin.
The hobgoblin is almost dead.
The endoplasm freezes you.
You are frozen.
The hobgoblin hits you.
You closely miss the hobgoblin. Your grab misses the hobgoblin.
The hobgoblin is almost dead.
The endoplasm completely misses you. The hobgoblin misses you.
The hobgoblin attacks as you move away! The hobgoblin hits you.
* * * LOW HITPOINT WARNING * * *
The hobgoblin attacks as you move away! The hobgoblin hits you.
You die...

... .....†. ## .!. #######
...####.## # .........# #
........#### #
#.##....#..## #
.....#J#.#.. ########
#...#g#†######.#.......
#.....#(.@#...†...#.######
#......#)#.###### #.#
#.....#.#.#.....# #.#
#...#.......###.# #.####
#.........#...#.# #....###
#..########...#.# #.##....
..........#.###.##..P.
#.#########..#.#...#...PP
... #..#.#.##....♣.


You could see an endoplasm and a hobgoblin.

Vanquished Creatures
  A dart slug (D:1)
  A ball python (D:1)
  An endoplasm (D:1)
  A goblin (D:1)
  2 hobgoblins (D:1)
  A kobold (D:1)
  2 quokkas (D:1)
  A bat (D:1)
  2 frilled lizards (D:1)
  2 rats (D:1)
14 creatures vanquished.

Vanquished Creatures (others)
  3 fungi (D:1)
3 creatures vanquished.

Grand Total: 17 creatures vanquished

Notes
Turn   | Place    | Note
-------+----------+-------------------------------------------
     0 | D:1      | Iniera the Octopode Conjurer began the quest for the Orb.
     0 | D:1      | Reached XP level 1. HP: 11/11 MP: 3/3
    70 | D:1      | Reached XP level 2. HP: 13/17 MP: 0/5
    73 | D:1      | Learned a level 2 spell: Searing Ray
   158 | D:1      | Found Birukk's Assorted Antiques.
   541 | D:1      | Slain by a hobgoblin

Illustrated notes

Levels and vault maps discovered:
D:1:      spicycebolla_arrival_clurvy, layout_basic, serial_shops,
          nicolae_square_shop, minmay_tiny_reverse_x

Action                     || total
---------------------------++-------
  Melee: Unarmed           ||     6
         Constrict         ||     2
         Tentacles         ||     1
   Cast: Magic Dart        ||    24
    Use: Scroll            ||     1
 Armour: Skin              ||     2
  Dodge: Dodged            ||     7

Table legend: (Time is in decaauts)
 A = Elapsed time spent in this place.
 B = Non-inter-level travel time spent in this place.
 C = Inter-level travel time spent in this place.
 D = Time resting spent in this place.
 E = Time spent auto-exploring this place.
 F = Levels seen in this place.
 G = Mean time per level.
                   A        B        C        D        E       F      G
               +--------+--------+--------+--------+--------+-----+--------+
         Total |    540 |    540 |      0 |     28 |    426 |   1 |  540.0 |
       Dungeon |    540 |    540 |      0 |     28 |    426 |   1 |  540.0 |
               +--------+--------+--------+--------+--------+-----+--------+

Top non-repeatable levels by time:
     D:1: 540 daAuts
